 Dungeon Crawl Stone Soup version 0.28-a0-1624-g820543e53a (webtiles) character file.

Game seed: 3333698657325628219

1442 oldriver the Stinger (level 8, -3/69 HPs)
             Began as a Naga Venom Mage on Jan 24, 2022.
             Was an Initiate of Gozag.
             Slain by a hornet zombie (9 damage)
             ... on level 6 of the Dungeon.
             The game lasted 00:11:41 (9979 turns).

oldriver the Stinger (Naga Venom Mage)              Turns: 9979, Time: 00:11:42

Health: -3/69      AC:  8    Str: 11    XL:     8   Next: 74%
Magic:  1/15       EV:  8    Int: 17    God:    Gozag
Gold:   475        SH:  0    Dex: 12    Spells: 3/17 levels left

rFire   . . .      SeeInvis +   j - +3 whip (drain)
rCold   . . .      Faith    .   (no shield)
rNeg    . . .      Spirit   .   a - +0 robe
rPois   +          Reflect  .   (no helmet)
rElec   .          Harm     .   (no cloak)
rCorr   .          Rampage  .   (no gloves)
Will    +....                   g - +1 barding
Stlth   +++.......              (no amulet)
HPRegen 0.21/turn               (no ring)
MPRegen 0.14/turn               (no ring)

@: very slow
A: AC +2, large, see invisible, deformed body, poison resistance, slowness 2,
spit poison 1, naga tail 1
a: Spit Poison, Renounce Religion, Potion Petition, Call Merchant, Bribe Branch


You were on level 6 of the Dungeon.
You worshipped Gozag.
Gozag was aware of your devotion.
You visited 2 branches of the dungeon, and saw 7 of its levels.

You collected 518 gold pieces.
You paid 43 gold pieces to Gozag.

Inventory:

Hand Weapons
 j - a +3 whip of draining (weapon)
Armour
 a - a +0 robe (worn)
 g - a +1 barding (worn)
Scrolls
 d - 2 scrolls of immolation
 h - 2 scrolls of identify
Potions
 c - a potion of flight {unknown}
 e - a potion of degeneration {unknown}
 f - a potion of cancellation
 i - a potion of might {unknown}
 n - a potion of lignification
 o - a potion of ambrosia {unknown}
 r - 2 potions of curing {unknown}


   Skills:
 - Level 3.0 Fighting
 - Level 3.0 Dodging
 - Level 7.0 Stealth
 - Level 5.0 Spellcasting
 + Level 2.7 Conjurations
 - Level 1.0 Transmutations
 + Level 2.0 Ice Magic
 + Level 2.8 Air Magic
 + Level 7.5 Poison Magic


You had 3 spell levels left.
You knew the following spells:

 Your Spells              Type           Power      Damage    Failure   Level
a - Sting                 Tmut/Pois      72%        1d6       2%          1
b - Poisonous Vapours     Pois/Air       42%        N/A       2%          2
c - Mephitic Cloud        Conj/Pois/Air  19%        N/A       7%          3
d - Freeze                Ice            44%        1d6       6%          1
e - Frozen Ramparts       Ice            22%        1d4       19%         3
o - Olgreb's Toxic Radia  Pois           29%        N/A       6%          4

Your spell library contained the following spells:

 Spells                   Type           Power      Damage    Failure   Level
 Animate Skeleton         Necr           8%         N/A       14%         1
 Pain                     Necr           16%        1d4       14%         1
 Summon Guardian Golem    Hex/Summ       4%         N/A       38%         3
 Vampiric Draining        Necr           4%         2d6       38%         3
 Hailstorm                Conj/Ice       12%        3d5       47%         4
 Orb of Destruction       Conj           6%         9d6       100%        7
 Spellforged Servitor     Conj/Summ      4%         N/A       100%        7
 Chain Lightning          Conj/Air       6%         3d8       100%        9
 Fire Storm               Conj/Fire      4%         8d1       100%        9
 Shatter                  Erth           2%         3d6*      100%        9


Dungeon Overview and Level Annotations

Branches:
Dungeon (6/15)             Temple (1/1) D:4

Altars:
Ashenzari
Cheibriados
Elyvilon
Fedhas
Gozag
Hepliaklqana
Kikubaaqudgha
Makhleb
Nemelex Xobeh
Okawaru
Qazlal
Ru
Sif Muna
Trog
Uskayaw
Vehumet
Wu Jian
Xom
Yredelemnul
Zin
The Shining One

Shops:
D:1 :   D:4 (   D:5 [

Annotations:
D:5 3 runed translucent doors, tatocazan's ghost, novice MfGl


Innate Abilities, Weirdness & Mutations

Your serpentine skin is tough. (AC +2)
You have supernaturally acute eyesight. (SInv)
Armour fits poorly on your strangely shaped body.
Your system is resistant to poisons. (rPois)
You cover ground very slowly.
You can spit poison.
You have a snake-like lower body.


Message History

The hornet zombie completely resists.
The wall freezes the hornet zombie but does no damage.
The hornet zombie hits you.
You hit the hornet zombie.
The hornet zombie is severely damaged.
The wall freezes the hornet zombie but does no damage.
The hornet zombie barely misses you.
The hornet zombie completely resists.
The wall freezes the hornet zombie but does no damage.
The hornet zombie barely misses you.
You closely miss the hornet zombie.
The hornet zombie is severely damaged.
The frozen ramparts melt away.
The hornet zombie completely misses you.
You whack the hornet zombie!
The hornet zombie is severely damaged.
The hornet zombie hits you but does no damage.
The hornet zombie hits you.
You hit the hornet zombie.
The hornet zombie is almost destroyed.
The hornet zombie misses you.
Casting: Frozen Ramparts (dangerous; 19% risk of failure)
Confirm with . or Enter, or press ? or * to list all spells.
Aiming: Freeze (safe; 6% risk of failure)
Press: ? - help, Shift-Dir - straight line, f - hornet zombie
Aim: a hornet zombie (almost destroyed)
You freeze the hornet zombie.
The hornet zombie resists.
The hornet zombie is almost destroyed.
The hornet zombie hits you!
* * * LOW HITPOINT WARNING * * *
Casting: Freeze (safe; 6% risk of failure)
Confirm with . or Enter, or press ? or * to list all spells.
Aiming: Freeze (safe; 6% risk of failure)
Press: ? - help, Shift-Dir - straight line, f/p - hornet zombie
Aim: a hornet zombie (almost destroyed)
You freeze the hornet zombie but do no damage.
The hornet zombie completely resists.
The hornet zombie hits you!
* * * LOW HITPOINT WARNING * * *
The hornet zombie hits you!
You die...
Your body crumbles into a pile of gold.

###.# ##.#.#########.....#
# #.# #.#.##..........### #
#.## ####......###..##..#
###..###.......####..###..#
#........####..# #.####.##
..###......$...# #.#
#..######## ###
########...# ##.#
#.........) ########
###.###..# #.#.[..####
...O<..# #.Z@..####.#.#..#
.......# ####....#..#.##<#
.......# #..##...##.##.####
.........
....................
.......#..
####.#####....##.####
.......#...# ..
###......#..... ######.#
+## .####.....##...#### .#
## #....#######..### ######
##..##


You could see a hornet zombie.

Vanquished Creatures
  Sigmund (D:3)
  A necrophage (D:6)
  A centaur (D:4)
  4 ogres
  2 scorpions
  A water moccasin zombie (D:5)
  An orc priest (D:6)
  A bullfrog skeleton (D:5)
  2 jellies
  2 centaur skeletons
  4 hounds
  Jessica (D:3)
  2 orc wizards
  An iguana (D:4)
  A hound zombie (D:5)
  A hound skeleton (D:4)
  A howler monkey zombie (D:6)
  4 gnolls
  6 adders
  An ufetubus (D:6)
  An adder zombie (D:5)
  A dart slug (D:4)
  8 orcs
  4 endoplasms
  3 giant cockroaches
  5 goblins
  7 hobgoblins
  6 kobolds
  6 quokkas
  6 ball pythons
  4 bats
  4 frilled lizards
  A rat (D:3)
94 creatures vanquished.

Notes
Turn   | Place    | Note
-------+----------+-------------------------------------------
     0 | D:1      | oldriver the Naga Venom Mage began the quest for the Orb.
     0 | D:1      | Reached XP level 1. HP: 15/15 MP: 3/3
   211 | D:1      | Found Mofeph's Book Boutique.
   331 | D:1      | Reached XP level 2. HP: 17/22 MP: 0/5
  1647 | D:2      | Reached XP level 3. HP: 28/28 MP: 4/6
  1742 | D:2      | Learned a level 2 spell: Poisonous Vapours
  2955 | D:3      | Noticed Jessica
  2964 | D:3      | Killed Jessica
  2965 | D:3      | Reached XP level 4. HP: 36/36 MP: 2/8
  3371 | D:3      | Noticed Sigmund
  3381 | D:3      | Killed Sigmund
  3382 | D:3      | Reached skill level 5 in Stealth
  3382 | D:3      | Reached XP level 5. HP: 31/42 MP: 1/10
  3382 | D:3      | Reached XP level 6. HP: 36/49 MP: 1/11
  3478 | D:3      | Learned a level 4 spell: Olgreb's Toxic Radiance
  3544 | D:3      | Learned a level 3 spell: Mephitic Cloud
  3672 | D:4      | Found Buhilas's Weapon Boutique.
  3710 | D:4      | Reached skill level 1 in Conjurations
  3710 | D:4      | Reached skill level 1 in Air Magic
  4162 | D:4      | Found a staircase to the Ecumenical Temple.
  4222 | Temple   | Entered the Ecumenical Temple
  4396 | Temple   | Became a worshipper of Gozag Ym Sagoz the Greedy
  4815 | D:4      | HP: 2/50 [centaur/arrow (13)]
  4817 | D:4      | Reached skill level 1 in Fighting
  4817 | D:4      | Reached XP level 7. HP: 2/57 MP: 2/13
  6603 | D:5      | Entered Level 5 of the Dungeon
  7444 | D:5      | Found Dacwakavipp's Armour Boutique.
  7530 | D:5      | Reached XP level 8. HP: 67/67 MP: 6/14
  7903 | D:5      | Found a runed translucent gate.
  7904 | D:5      | Found a runed translucent gate.
  7905 | D:5      | Found a runed translucent gate.
  7993 | D:5      | Learned a level 1 spell: Freeze
  8004 | D:5      | Noticed tatocazan's ghost (novice MfGl)
  9044 | D:6      | Reached skill level 1 in Ice Magic
  9879 | D:6      | Learned a level 3 spell: Frozen Ramparts
  9956 | D:6      | Reached skill level 5 in Spellcasting
  9979 | D:6      | Slain by a hornet zombie

Illustrated notes

Levels and vault maps discovered:
D:1:      giann_forest_graveyard, layout_basic, serial_shops,
          nicolae_shop_waterfront
D:2:      layout_basic
D:3:      layout_basic, uniq_jessica, uniq_sigmund
D:4:      layout_gridville, minmay_temple_entry_gardened_gates,
          nicolae_inconvenience_store
D:5:      layout_cave_pools, serial_shops, shop, ebering_ghost_rock_garden,
          kennysheep_path_1, minmay_crossroads
D:6:      hellmonk_destroyed_diamonds, layout_rooms, sigmund_army
Temple:   mainiacjoe_temple_trianglar_array

Skill      XL: |  1  2  3  4  5  6  7  8 |
---------------+-------------------------+-----
Dodging        | 2 3 |  3.0
Stealth        | 4 5 6 7 |  7.0
Spellcasting   | 3 4 5 |  5.0
Poison Magic   | 6 7 |  7.5
Conjurations   | 1 2 |  2.7
Air Magic      | 1 2 |  2.8
Fighting       | 1 2 3 |  3.0
Ice Magic      | 2 |  2.0
Transmutations | |  1.0

Action                   |  1- 3 |  4- 6 |  7- 9 || total
-------------------------+-------+-------+-------++-------
Melee: Unarmed           |     5 |       |       ||     5
       Short sword       |       |       |    59 ||    59
       Whip              |       |       |    35 ||    35
       Punch             |       |       |     1 ||     1
 Cast: Sting             |    67 |    24 |    87 ||   178
       Poisonous Vapours |     2 |    14 |    40 ||    56
       Mephitic Cloud    |       |       |     9 ||     9
       Freeze            |       |       |     9 ||     9
       Frozen Ramparts   |       |       |     3 ||     3
       Olgreb's Toxic Ra |       |       |     2 ||     2
  Use: Scroll            |       |       |    12 ||    12
       Potion            |       |       |     2 ||     2
Armor: Robe              |     6 |     4 |    97 ||   107
       Skin              |       |       |     2 ||     2
Dodge: Dodged            |    18 |     5 |    66 ||    89

Table legend: (Time is in decaauts)
 A = Elapsed time spent in this place.
 B = Non-inter-level travel time spent in this place.
 C = Inter-level travel time spent in this place.
 D = Time resting spent in this place.
 E = Time spent auto-exploring this place.
 F = Levels seen in this place.
 G = Mean time per level.
                   A        B        C        D        E       F      G
               +--------+--------+--------+--------+--------+-----+--------+
         Total |  11903 |  11672 |    231 |   3177 |   7110 |   7 | 1700.4 |
       Dungeon |  11364 |  11175 |    189 |   3177 |   6617 |   6 | 1894.0 |
        Temple |    539 |    497 |     42 |      0 |    492 |   1 |  539.0 |
               +--------+--------+--------+--------+--------+-----+--------+

Top non-repeatable levels by time:
     D:4: 3184 daAuts
     D:5: 2041 daAuts
     D:1: 1826 daAuts
     D:2: 1796 daAuts
     D:6: 1555 daAuts
     D:3: 959 daAuts
  Temple: 539 daAuts
